 Dungeon Crawl Stone Soup version 0.26-a0-660-gc07710193c (webtiles) character file.

Game seed: 11451105274476754016

49 tacoguy the Grave Robber (level 3, -1/24 HPs)
             Began as a Mummy Necromancer on Oct 5, 2020.
             Was an Initiate of Ashenzari.
             Slain by a hound (2 damage)
             ... on level 2 of the Dungeon.
             The game lasted 00:08:45 (2284 turns).

tacoguy the Grave Robber (Mummy Necromancer)        Turns: 2284, Time: 00:08:45

Health: -1/24      AC:  2    Str: 11    XL:     3   Next: 51%
Magic:  2/8        EV: 12    Int: 15    God:    Ashenzari [......]
Gold:   98         SH:  0    Dex: 12    Spells: 4/9 levels left

rFire    x . .     SeeInvis .   g - +0 dagger (elec)
rCold    + . .     Faith    .   (no shield)
rNeg     + + +     Spirit   .   a - +0 robe
rPois    ∞         Reflect  .   (no helmet)
rElec    .         Harm     .   (no cloak)
rCorr    .         Rampage  .   (no gloves)
MR       .....                  (no boots)
Stlth    ++........             (no amulet)
HPRegen  0.08/turn              (no ring)
MPRegen  0.11/turn              (no ring)

@: no status effects
A: no potions, fire vulnerability, cold resistance 1, negative energy resistance
3, torment resistance, unbreathing
a: Curse Item, Renounce Religion


You were on level 2 of the Dungeon.
You worshipped Ashenzari.
Ashenzari was noncommittal.
You visited 1 branch of the dungeon, and saw 2 of its levels.

You collected 98 gold pieces.

Inventory:

Hand Weapons
 g - a +0 dagger of electrocution (weapon)
Armour
 a - a +0 robe (worn)
Jewellery
 e - a +6 ring of strength
Scrolls
 b - a scroll of fog
 c - a scroll of teleportation
 d - a scroll of remove curse
 f - a scroll of enchant weapon


   Skills:
 - Level 0.1 Fighting
 - Level 1.8 Dodging
 - Level 1.5 Stealth
 + Level 3.8 Spellcasting
 + Level 4.6 Necromancy


You had 4 spell levels left.
You knew the following spells:

 Your Spells              Type           Power        Failure   Level
a - Pain                  Necr           ###.         2%          1
b - Animate Skeleton      Necr           ###...       2%          1
c - Vampiric Draining     Necr           ###.......   9%          3

Your spell library contained the following spells:

 Spells                   Type           Power        Failure   Level
 Animate Dead             Necr           ###.......   26%         4
 Agony                    Necr           ###.....     58%         5


Dungeon Overview and Level Annotations

Branches:
Dungeon (2/15)

Altars:
Ashenzari
Okawaru


Innate Abilities, Weirdness & Mutations

You do not drink.
Your flesh is vulnerable to fire.
You are immune to poison.
Your flesh is cold resistant. (rC+)
You are immune to negative energy. (rN+++)
You are immune to unholy pain and torment.
You can survive without breathing.


Message History

You feel life coursing into your body.
The frilled lizard bites you but does no damage.
The adder barely misses you. The hound bites you. The hound bites you. x2
The frilled lizard bites you. The hound misses you.
Your magical contamination has completely faded away.
The hound bites you but does no damage. The hound bites you but does no damage.
The hound bites you. The frilled lizard bites you.
* * * LOW HITPOINT WARNING * * *
The hound bites you.
* * * LOW HITPOINT WARNING * * *
The hound bites you.
* * * LOW HITPOINT WARNING * * *
The frilled lizard unfolds its giant frill.
The hound misses you.
A quokka comes into view.
The hound bites you.
You die...

#.....♣.♣........#
#....♣.♣.♣......##
#...♣.♣.♣.♣..#..#
#..♣.♣._.♣.♣...##
##l.♣.♣.♣.♣..###
#...♣.♣.♣....
#S...♣.♣ ..
#h#...♣..r
#.@.......
########..


You could see a hound, an adder, a quokka (asleep) and a frilled lizard.

Vanquished Creatures
  A gnoll (D:1)
  2 dart slugs (D:1)
  A leopard gecko (D:2)
  5 bats
  3 giant cockroaches
  2 hobgoblins (D:1)
  3 jackals
  3 kobolds
  5 frilled lizards
  6 goblins
  2 rats
33 creatures vanquished.

Vanquished Creatures (collateral kills)
  2 hobgoblins
2 creatures vanquished.

Grand Total: 35 creatures vanquished

Notes
Turn   | Place    | Note
-------+----------+-------------------------------------------
     0 | D:1      | tacoguy the Mummy Necromancer began the quest for the Orb.
     0 | D:1      | Reached XP level 1. HP: 13/13 MP: 4/4
    38 | D:1      | Learned a level 1 spell: Animate Skeleton
   198 | D:1      | Reached XP level 2. HP: 19/19 MP: 2/5
   855 | D:1      | Found a broken altar of Ashenzari.
   860 | D:1      | Became a worshipper of Ashenzari the Shackled
  1304 | D:1      | Reached XP level 3. HP: 24/24 MP: 2/8
  1309 | D:1      | Learned a level 3 spell: Vampiric Draining
  2217 | D:2      | Found an iron altar of Okawaru.
  2281 | D:2      | HP: 1/24 [hound (3)]
  2284 | D:2      | Slain by a hound

Illustrated notes

Levels and vault maps discovered:
D:1:      dpeg_arrival_tiny_c, layout_loops_ring, chequers_serial_rivers_room_b,
          nicolae_ashenzari_panopticon
D:2:      layout_rooms, okawaru_trees_2, uniq_crazy_yiuf_cottage

Skill      XL: |  1  2 |
---------------+-------+-----
Spellcasting   | 3 |  3.8
Fighting       | |  0.1
Dodging        | |  1.8
Stealth        | |  1.5
Necromancy     | |  4.6

Action                   || total
-------------------------++-------
Melee: Unarmed           ||    10
       Dagger            ||     9
 Cast: Pain              ||    62
       Animate Skeleton  ||    15
       Vampiric Draining ||     3
  Use: Scroll            ||     5
Armor: Robe              ||    12
Dodge: Dodged            ||    34

Table legend: (Time is in decaauts)
 A = Elapsed time spent in this place.
 B = Non-inter-level travel time spent in this place.
 C = Inter-level travel time spent in this place.
 D = Time resting spent in this place.
 E = Time spent auto-exploring this place.
 F = Levels seen in this place.
 G = Mean time per level.
                   A        B        C        D        E       F      G
               +--------+--------+--------+--------+--------+-----+--------+
         Total |   2282 |   2240 |     42 |   1144 |    671 |   2 | 1141.0 |
       Dungeon |   2282 |   2240 |     42 |   1144 |    671 |   2 | 1141.0 |
               +--------+--------+--------+--------+--------+-----+--------+

Top non-repeatable levels by time:
     D:1: 1801 daAuts
     D:2: 481 daAuts
